cohdb
Replays
Latest Replays
All Replays
Popular Replays
Top Player Replays
Match Explorer
How It Works
Community
CoH3 Stats
Reddit
Sign in to upload your games and track your stats! →
Sign in with Steam
This it not my day
Match 10319198
Overview
Messages
Build Orders
End
Panzergrenadier Squad
Panzergrenadier Squad
Panzerpioneer Squad
Construct Light Support Kompanie
Fire Support Elements
Assault Grenadier Squad
Panzerjäger Mechanized Group
Pak 38 Anti-tank Gun Team
Grenade Package
Veteran Squad Leaders
Construct Panzerarmee Kommand
Panzerjäger Mechanized Group
Panzer III L Medium Tank
Panzer III L Medium Tank
Selects Armored Suppot Battlegroup
Selects Vehicle Awareness
Selects Panzer Storm
Selects Stuka Anti-tank Loiter
Vehicle Survival Package
Stuka Anti-tank Loiter
Panzer III L Medium Tank
Panzerjäger Mechanized Group
2.5-tonne Medical Truck
Panzer III L Medium Tank
Stuka Anti-tank Loiter
Emergency Repair Kits
Tungsten Core Ammunition
Panzer III L Medium Tank
Stuka Anti-tank Loiter
Advanced Field Repairs
Rapid Advance
Stuka Anti-tank Loiter
Kamfrenchie
『BlackBear』
0
0
Comments
sign in to comment!
No comments posted yet!